 Dungeon Crawl Stone Soup version 0.17-a0-755-g4391640 (webtiles) character file.

59 ololoev the Twirler (level 3, 0/28 HPs)
             Began as a Demigod Wanderer on Apr 22, 2015.
             Succumbed to an adder's poison
             ... on level 2 of the Dungeon.
             The game lasted 00:02:38 (1823 turns).

ololoev the Twirler (Demigod Wanderer)              Turns: 1823, Time: 00:02:39

Health: 0/28       AC:  2    Str: 22    XL:     3   Next: 54%
Magic:  5/5        EV: 12    Int: 16    God:
Gold:   55         SH:  0    Dex: 15    Spells: 0 memorised, 2 levels left

rFire  . . .     SeeInvis .     a - +2 quarterstaff
rCold  . . .     Clarity  .     d - +0 robe
rNeg   . . .     SustAb   +     (no shield)
rPois  .         Gourm    .     (no helmet)
rElec  .         Spirit   .     (no cloak)
rCorr  .         Warding  .     (no gloves)
rMut   .         Stasis   .     (no boots)
MR     .....                    (no amulet)
Stlth  ++........               (no ring)
                                (no ring)

@: mighty, lethally poisoned (0 -> -11), not resistant to hostile enchantments,
unstealthy
A: high mp 1, sustain abilities
a: no special abilities


Innate Abilities, Weirdness & Mutations

You have an increased reservoir of magic (+10% MP).
Your attributes are resistant to harm.

Inventory:

Hand weapons
 a - a +2 quarterstaff (weapon)
Armour
 d - a +0 robe (worn)
Scrolls
 c - a scroll of teleportation
 e - a scroll of random uselessness {unknown}
 g - a scroll of amnesia {unknown}
Potions
 l - a potion of restore abilities {unknown}
Comestibles
 f - 3 bread rations
 h - a royal jelly
 i - a beef jerky
 j - 2 chunks of flesh
 k - 2 fruits


   Skills:
 - Level 1.0 Fighting
 + Level 4.3 Staves
 - Level 1.7 Dodging
 - Level 3.6 Stealth


You had 2 spell levels left.
You didn't know any spells.


You were on level 2 of the Dungeon.
You were not hungry.

You visited 1 branch of the dungeon, and saw 2 of its levels.

You collected 55 gold pieces.

#.......####.....###.#
.................>...#
.......#.......#######
.......#.......#####
.#+#..##...........#
##.##.##...........#
##.##..#...........#
......^............#
...........#....@..#
...........#....Sg.#
..................##
..................#
...............[...
..............####.#
..#........... .#
..#........... .#
###........#

Notes
Turn   | Place    | Note
--------------------------------------------------------------
     0 | D:1      | ololoev, the Demigod Wanderer, began the quest for the Orb.
     0 | D:1      | ololoev set off with: a +2 quarterstaff, a +0 short sword, a scroll of teleportation, a +0 robe, a +0 dagger, a bread ration
     0 | D:1      | Reached XP level 1. HP: 16/16 MP: 3/3
   110 | D:1      | Reached XP level 2. HP: 11/23 MP: 4/4
   840 | D:1      | Reached XP level 3. HP: 26/28 MP: 5/5
  1113 | D:1      | Reached skill level 4 in Staves
  1822 | D:2      | HP: 1/28 [adder (3)]
  1823 | D:2      | Succumbed to an adder's poison

Dungeon Overview and Level Annotations

Branches:
Dungeon (2/15)


Message History

The adder poisons you!
You are too injured to fight recklessly!
You are too injured to fight recklessly!
You are too injured to fight recklessly!
You are too injured to fight recklessly!
You are too injured to fight recklessly!
You are too injured to fight recklessly!
You are too injured to fight recklessly!
You are too injured to fight recklessly!
You are too injured to fight recklessly!
You are too injured to fight recklessly!
You are too injured to fight recklessly!
You are too injured to fight recklessly!
You are too injured to fight recklessly!
You are too injured to fight recklessly!
You are too injured to fight recklessly!
You are too injured to fight recklessly!
You are too injured to fight recklessly!
You are too injured to fight recklessly!
You closely miss the adder. The hobgoblin barely misses you.
The adder bites you but does no damage.
You hit the adder.
The adder is lightly wounded.
You feel sick. The adder bites you.
You are lethally poisoned!
The adder poisons you!
The hobgoblin hits you but does no damage.
You miss the adder.
The adder is lightly wounded.
You feel sick. The adder bites you. The hobgoblin closely misses you.
The adder closely misses you.
You hit the adder.
The adder is heavily wounded.
You feel sick.
The hobgoblin hits you but does no damage.
The adder bites you. The hobgoblin closely misses you.
Drink which item? (? for menu, Esc to quit)
It was a potion of might.
You feel very mighty all of a sudden.
You die...

You could see an adder and a hobgoblin.

Vanquished Creatures
  A gnoll (D:1)
  An adder (D:2)
  A worm (D:2)
  7 goblins (D:1)
  3 hobgoblins (D:1)
  9 kobolds (D:1)
  A bat (D:2)
  5 giant cockroaches
  2 giant newts (D:1)
  5 rats (D:1)
35 creatures vanquished.

Action                   || total
-------------------------++-------
Melee: Quarterstaff      ||   107
  Use: Potion            ||     1
 Stab: Sleeping          ||     2
  Eat: Chunk             ||     3

Vault maps used:
D:1:      dpeg_arrival_solitude, hangedman_decor_growths, st_stairs_3,
          fountainhead
D:2:      first_bread
